 Dungeon Crawl Stone Soup version 0.31-a0-836-g3ceb0a68c4 (webtiles) character file.

Game seed: 14247710569262097565

1167 hikkokomori the Covered (level 8, -1/51 HPs)
             Began as a Gargoyle Fighter on Sept 27, 2023.
             Slain by an ice beast (13 damage)
             ... on level 6 of the Dungeon.
             The game lasted 00:08:18 (4686 turns).

hikkokomori the Covered (Gargoyle Fighter)          Turns: 4686, Time: 00:08:19

Health: -1/51      AC: 20    Str: 26    XL:     8   Next: 40%
Magic:  8/8        EV: 10    Int: 11    God:
Gold:   245        SH:  5    Dex:  9    Spells: 7/7 levels left

rFire   + . .        B - +0 broad axe
rCold   . . .        c - +0 buckler
rNeg    + . .        C - +3 ring mail "Paxkoysh" {*Slow Fly rF+ Will+++}
rPois   ∞            g - +2 helmet
rElec   +            (no cloak)
rCorr   .            l - +0 pair of gloves
SInv    .            e - +0 pair of boots
Will    +++..        j - amulet of the acrobat Stlth
                     r - +6 ring of strength
HPRegen 0.28/turn    (no ring)
MPRegen 0.11/turn

%: slow self (1%), acrobat
@: flying
A: sickness immunity, AC +5, negative energy resistance 1, electricity
resistance, torment resistance 1, petrification resistance
a: no special abilities


You were on level 6 of the Dungeon.
You visited 1 branch of the dungeon, and saw 6 of its levels.
You also visited: Ossuary.

You collected 245 gold pieces.

Inventory:

Hand Weapons
 a - a +0 war axe
 B - a +0 broad axe (weapon)
Missiles
 y - a throwing net
Armour
 b - a +0 scale mail
 c - a +0 buckler (worn)
 e - a +0 pair of boots (worn)
 g - a +2 helmet (worn)
 l - a +0 pair of gloves (worn)
 C - the +3 ring mail "Paxkoysh" (worn) {*Slow Fly rF+ Will+++}
   (You found it on level 3 of the Dungeon)

   rF+:       It protects you from fire.
   Will+++:   It greatly increases your willpower.
   Fly:       It grants you flight.
   *Slow:     It may slow you when you take damage.
Jewellery
 j - an amulet of the acrobat (around neck)
 r - a +6 ring of strength (left hand)
Wands
 k - a wand of polymorph (4)
 q - a wand of iceblast (8)
Scrolls
 f - 10 scrolls of teleportation
 h - a scroll of poison
 i - a scroll of identify
 n - a scroll of enchant armour {unknown}
 o - a scroll of revelation {unknown}
 p - 5 scrolls of immolation {unknown}
 x - a scroll of amnesia {unknown}
Potions
 d - 2 potions of might
 m - 2 potions of magic
 s - 2 potions of curing
 t - a potion of brilliance {unknown}
 u - 2 potions of resistance
 v - a potion of lignification {unknown}
 w - a potion of attraction {unknown}
 z - 2 potions of degeneration
 A - 2 potions of mutation


   Skills:
 + Level 6.2 Fighting
 + Level 4.6 Axes
 + Level 6.2 Armour
 + Level 6.2 Shields


You had 7 spell levels left.
You didn't know any spells.
Your spell library was empty.

Dungeon Overview and Level Annotations

Branches:
Dungeon (6/15)            Ossuary (visited)
 Temple: D:4-7

Altars:
Uskayaw
Xom

Shops:
D:2 (

Annotations:
D:4 1 runed translucent door, D12ThenQuit's ghost, novice DjHs


Innate Abilities, Weirdness & Mutations

You are immune to sickness and miasma.
Your stone body is resilient. (AC +5)
You are immune to poison.
You resist negative energy. (rN+)
You are resistant to electric shocks. (rElec)
You are resistant to unholy torment.
You are immune to petrification.


Message History

* * * LOW HITPOINT WARNING * * *
You hit the ice beast.
The ice beast is lightly wounded.
The ice beast closely misses you.
You barely miss the ice beast.
The ice beast is lightly wounded.
The ice beast closely misses you.
The ice beast hits you but does no damage.
Unknown command.
Aiming: Polymorph
Press: ? - help, Shift-Dir - straight line, f - ice beast
Aim: an ice beast (lightly wounded, will become a swamp drake, a sky beast, or a blink frog, chance to affect: 49%)
The ice beast resists with some effort.
The ice beast hits you but does no damage.
Unknown command.
The ice beast completely misses you.
There is a stone staircase leading up here.
You slash the ice beast!
The ice beast is heavily wounded.
The ice beast barely misses you.
Unknown command.
You hit the ice beast but do no damage.
The ice beast is heavily wounded.
The ice beast closely misses you.
The ice beast hits you but does no damage.
Unknown command.
You barely miss the ice beast.
The ice beast is heavily wounded.
The ice beast hits you but does no damage.
Unknown command.
You slash the ice beast!
The ice beast is almost dead.
The ice beast closely misses you.
You barely miss the ice beast.
The ice beast is almost dead.
The ice beast hits you but does no damage.
The ice beast hits you.
* * * LOW HITPOINT WARNING * * *
The ice beast freezes you!
You die...

..##..#.##
#........##
...##.##..###
####
.#....###...##
###.?.# .#.##.#
##...####.......
.. ...
###..##........
# ...
##...........
#...
##..Y....$..
.....
#.?@.........
#............
#...........>
##..........#
##.....$...#
#.........
##.......#####..
##.....<.......
##............


You could see an ice beast.

Vanquished Creatures
  A centaur (D:5)
  A phantom (D:5)
  A bullfrog (D:4)
  5 scorpions
  2 orc priests (D:5)
  A hound (D:4)
  2 jellies
  Jessica (D:3)
  Ijyb (D:3)
  3 orc wizards
  Natasha (thrice) (D:3)
  2 mummies
  3 gnolls
  4 adders
  A white imp (D:5)
  An ufetubus (D:5)
  2 worms (D:3)
  3 dart slugs
  18 orcs
  A spectral bat (Ossuary)
  9 endoplasms
  6 giant cockroaches
  12 gnoll zombies (Ossuary)
  5 goblins
  A hobgoblin (D:1)
  5 jackals
  5 quokkas
  6 ball pythons
  5 bats
  5 bat simulacra (Ossuary)
  2 frilled lizards (D:2)
  2 goblin simulacra (Ossuary)
  3 goblin zombies (Ossuary)
  6 hobgoblin zombies
  7 kobolds
  6 kobold simulacra (Ossuary)
  7 kobold zombies (Ossuary)
  4 orc zombies (Ossuary)
  A rat (D:3)
  2 rat simulacra (Ossuary)
  A spectral goblin (Ossuary)
  5 spectral kobolds (Ossuary)
  3 spectral rats (Ossuary)
164 creatures vanquished.

Vanquished Creatures (others)
  A swamp drake (D:5)
  A gnoll (D:5)
  2 orcs (D:5)
4 creatures vanquished.

Grand Total: 168 creatures vanquished

Notes
Turn   | Place    | Note
-------+----------+-------------------------------------------
     0 | D:1      | hikkokomori the Gargoyle Fighter began the quest for the
                  | Orb.
     0 | D:1      | Reached XP level 1. HP: 14/14 MP: 1/1
   114 | D:1      | Reached XP level 2. HP: 16/19 MP: 2/2
   378 | D:1      | Reached XP level 3. HP: 23/23 MP: 3/3
  1180 | D:2      | Reached XP level 4. HP: 29/29 MP: 4/4
  1394 | D:2      | Found a faded altar of an unknown god.
  1538 | D:2      | Found Pucliru's Antique Weapon Boutique.
  1824 | D:3      | Noticed Ijyb
  1859 | D:3      | Noticed Natasha
  1943 | D:3      | Killed Natasha
  1953 | D:3      | Killed Ijyb
  1954 | D:3      | Reached XP level 5. HP: 21/33 MP: 5/5
  2027 | D:3      | Noticed Jessica
  2030 | D:3      | Killed Jessica
  2038 | D:3      | Noticed Natasha
  2066 | D:3      | Killed Natasha
  2138 | D:3      | Noticed Natasha
  2149 | D:3      | Killed Natasha
  2205 | D:3      | Identified the +3 ring mail "Paxkoysh" {*Slow Fly rF+
                  | Will+++}
  2475 | D:4      | Reached XP level 6. HP: 28/39 MP: 6/6
  2538 | D:4      | Found a hide-covered altar of Uskayaw.
  2771 | D:4      | Found a shimmering altar of Xom.
  3048 | D:4      | Found a runed translucent door.
  3147 | D:4      | Noticed D12ThenQuit's ghost (novice DjHs)
  3303 | D:5      | Entered Level 5 of the Dungeon
  3303 | D:5      | Noticed Eustachio
  3306 | D:5      | Eustachio changed into Eustachio the swamp drake
  3306 | D:5      | Noticed Eustachio
  3343 | D:5      | Reached skill level 5 in Fighting
  3343 | D:5      | Reached skill level 5 in Armour
  3343 | D:5      | Reached skill level 5 in Shields
  3346 | D:5      | Killed Eustachio the swamp drake
  3347 | D:5      | Reached XP level 7. HP: 24/44 MP: 7/7
  3377 | D:5      | Found a sand-covered staircase.
  3394 | D:5      | HP: 2/44 [mummy (6)]
  3517 | D:5      | Reached XP level 8. HP: 31/51 MP: 8/8
  3564 | Ossuary  | Entered an ossuary
  4686 | D:6      | Slain by an ice beast

Illustrated notes

Levels and vault maps discovered:
D:1:      roderic_octagonal_star, layout_basic, minivault_24
D:2:      layout_loops_corners, shapermc_ecumenical_altar_notcrosses,
          serial_shops, nicolae_shop_tiny_glass, serial_park_tiny_2,
          nicolae_titane
D:3:      layout_rooms, uniq_ijyb, uniq_natasha, uniq_jessica
D:4:      layout_loops_ring, nicolae_uskayaw_dance_hall, xom_butterflies,
          ebering_ghost_reflecting_pool, nrook_campfire
D:5:      layout_rooms, nicolae_ossuary_entry_giza, uniq_eustachio
D:6:      layout_cave_pods, minmay_temple_entry_ruins, serial_shops,
          nicolae_shop_bloodbath_and_beyond

Skill      XL: |  1  2  3  4  5  6  7  8 |
---------------+-------------------------+-----
Axes           | 2 3 4 |  4.6
Shields        | 4 5 6 |  6.2
Fighting       | 4 5 6 |  6.2
Armour         | 4 5 6 |  6.2

Action                     |  1- 3 |  4- 6 |  7- 9 || total
---------------------------+-------+-------+-------++-------
  Melee: War axe           |    84 |   209 |   227 ||   520
         Unarmed           |       |    18 |       ||    18
         Broad axe         |       |       |    19 ||    19
  Evoke: Wand              |       |     3 |     1 ||     4
    Use: Potion            |       |     1 |     1 ||     2
         Scroll            |       |       |     6 ||     6
   Stab: Confused          |       |     1 |     1 ||     2
 Armour: Scale mail        |    61 |   204 |   169 ||   434
         Skin              |       |     9 |       ||     9
         Ring mail         |       |       |    24 ||    24
  Dodge: Dodged            |    46 |   112 |   132 ||   290
  Block: Buckler           |    24 |    69 |    55 ||   148

Table legend: (Time is in decaauts)
 A = Elapsed time spent in this place.
 B = Non-inter-level travel time spent in this place.
 C = Inter-level travel time spent in this place.
 D = Time resting spent in this place.
 E = Time spent auto-exploring this place.
 F = Levels seen in this place.
 G = Mean time per level.
                   A        B        C        D        E       F      G
               +--------+--------+--------+--------+--------+-----+--------+
         Total |   4886 |   4644 |    242 |    162 |   3078 |   7 |  698.0 |
       Dungeon |   4392 |   4150 |    242 |    162 |   2832 |   6 |  732.0 |
       Ossuary |    493 |    493 |      0 |      0 |    246 |   1 |  493.0 |
               +--------+--------+--------+--------+--------+-----+--------+

Top non-repeatable levels by time:
     D:2: 1014 daAuts
     D:4: 940 daAuts
     D:1: 822 daAuts
     D:3: 762 daAuts
     D:5: 661 daAuts
 Ossuary: 493 daAuts
     D:6: 191 daAuts
